 Dungeon Crawl Stone Soup version 0.17-a0-1634-g6672d08 (webtiles) character file.

1132 Leibowitz the Nimble (level 8, -1/72 HPs)
             Began as a Kobold Gladiator on Aug 4, 2015.
             Was an Initiate of Okawaru.
             Slain by Pikel
             ... wielding a +2 whip of flaming
              (5 damage)
             ... on level 6 of the Dungeon.
             The game lasted 00:20:18 (5885 turns).

Leibowitz the Nimble (Kobold Gladiator)             Turns: 5885, Time: 00:20:18

Health: -1/72      AC: 24    Str: 14    XL:     8   Next: 62%
Magic:  8/8        EV:  3    Int:  6    God:    Okawaru [......]
Gold:   372        SH:  0    Dex: 18    Spells: 0 memorised, 7 levels left

rFire  . . .     SeeInvis .     a - +0 rapier
rCold  . . .     Clarity  .     (armour currently unavailable)
rNeg   + + +     SustAt   .     (shield restricted)
rPois  +         Gourm    .     (helmet currently unavailable)
rElec  .         Spirit   .     (cloak currently unavailable)
rCorr  .         Warding  .     (gloves currently unavailable)
rMut   .         NoTele   +     (boots currently unavailable)
MR     .....                    (no amulet)
Stlth  ++++......               (no ring)
                                F - ring of flight

@: tree-form, not resistant to hostile enchantments, stealthy
A: carnivore 3
a: Renounce Religion


You were on level 6 of the Dungeon.
You worshipped Okawaru.
Okawaru was noncommittal.
You were very full.
You were a tree.
You visited 2 branches of the dungeon, and saw 7 of its levels.

You collected 372 gold pieces.

Inventory:

Hand weapons
 a - a +0 rapier (weapon)
Missiles
 A - 41 poisoned needles
Armour
 b - a +0 leather armour (melded)
 c - a +0 helmet (melded)
 e - a +2 cloak (melded)
 k - a +0 pair of gloves (melded)
Jewellery
 F - a ring of flight (left branch)
Magical devices
 j - a wand of magic darts (0)
 s - a wand of teleportation (4)
Scrolls
 g - 3 scrolls of random uselessness {unknown}
 h - 2 scrolls of fog {unknown}
 i - a scroll of enchant weapon {unknown}
 l - 2 scrolls of noise {unknown}
 m - 3 scrolls of amnesia {unknown}
 o - 2 scrolls of fear {unknown}
 q - 3 scrolls of remove curse {unknown}
 r - a scroll of teleportation {unknown}
 v - 9 scrolls of identify {unknown}
 y - 2 scrolls of recharging {unknown}
 z - a scroll of magic mapping {unknown}
 E - 3 scrolls of blinking {unknown}
Potions
 n - a potion of ambrosia {unknown}
 p - a potion of flight {unknown}
 t - 2 potions of lignification
 u - a potion of mutation {unknown}
 x - 2 potions of brilliance {unknown}
 C - a potion of degeneration {unknown}
 D - a potion of might {unknown}
Comestibles
 f - a meat ration
 w - a beef jerky


   Skills:
 * Level 4.5 Fighting
 * Level 7.4 Short Blades
 - Level 2.6 Throwing
 + Level 1.7 Armour
 * Level 8.1 Dodging
 * Level 4.8 Stealth
 + Level 0.2 Evocations


You had 7 spell levels left.
You didn't know any spells.

Dungeon Overview and Level Annotations

Branches:
Dungeon (6/15)             Temple (1/1) D:4

Altars:
Ashenzari
Cheibriados
Dithmenos
Elyvilon
Fedhas
Gozag
Kikubaaqudgha
Makhleb
Nemelex Xobeh
Okawaru
Qazlal
Ru
Sif Muna
Trog
Vehumet
Xom
Yredelemnul
Zin
The Shining One

Shops:
D:4 ?

Annotations:
D:6 Pikel


Innate Abilities, Weirdness & Mutations

You are small and have problems with some larger weapons.
You are carnivorous and can eat meat at any time.


Message History

Pikel barely misses you. The slave hits you but does no damage.
The slave hits you but does no damage. x2
You hit Pikel but do no damage.
Pikel is severely wounded.
Pikel hits you but does no damage. The slave hits you but does no damage.
The slave hits you but does no damage.
You barely miss Pikel.
Pikel is severely wounded.
Pikel says, "You'll feel the lick of my whip!"
Pikel hits you but does no damage. The slave hits you but does no damage.
The slave hits you but does no damage.
You closely miss Pikel.
Pikel is severely wounded.
Pikel hits you but does no damage. The slave hits you but does no damage.
The slave hits you but does no damage. Pikel hits you but does no damage.
You hit Pikel but do no damage.
Pikel is severely wounded.
The slave hits you but does no damage. x2
The slave completely misses you. Pikel hits you with a whip of flaming.
You die...

..#...?
##...........
.....o.##
#............
.p......##
##...........
#..##
##..........
##..# ###........
#..#### ##......#
##.p(.###
##....##
##K....####..####
#♣p......#..##
#pp.......###
##.......##
###..#### ####


You could see Pikel and 4 slaves.

Vanquished Creatures
  A black bear (D:6)
  3 phantoms
  2 ogres
  Blork the orc (D:6)
  3 scorpions
  2 crimson imps
  An orc priest (D:5)
  3 orc wizards (D:5)
  4 gnolls (D:6)
  11 adders
  An ooze (D:3)
  2 worms (D:3)
  An adder skeleton (D:4)
  4 giant geckos
  8 orcs
  2 ball pythons (D:1)
  3 giant cockroaches
  6 hobgoblins
  4 jackals (D:2)
  5 kobolds
  A quokka (D:3)
  7 bats
  5 giant newts
  5 goblins
  A quokka skeleton (D:4)
  A rat (D:2)
87 creatures vanquished.

Notes
Turn   | Place    | Note
--------------------------------------------------------------
     0 | D:1      | Leibowitz the Kobold Gladiator began the quest for the Orb.
     0 | D:1      | Reached XP level 1. HP: 12/12 MP: 1/1
   332 | D:1      | Reached XP level 2. HP: 16/18 MP: 2/2
  1062 | D:2      | Reached XP level 3. HP: 13/22 MP: 3/3
  1389 | D:2      | Reached skill level 1 in Stealth
  1445 | D:2      | Reached XP level 4. HP: 27/27 MP: 4/4
  1767 | D:3      | Found a radiant altar of Vehumet.
  1939 | D:3      | Noticed an ogre
  1949 | D:3      | Killed an ogre
  1949 | D:3      | Reached skill level 5 in Short Blades
  1949 | D:3      | Reached skill level 5 in Dodging
  1949 | D:3      | Reached XP level 5. HP: 20/32 MP: 5/5
  2152 | D:3      | Noticed a phantom
  2187 | D:3      | Killed a phantom
  2187 | D:3      | Reached skill level 6 in Dodging
  2187 | D:3      | Reached XP level 6. HP: 27/37 MP: 6/6
  2964 | D:4      | Found Bucau's Magic Scroll Shoppe.
  3202 | D:4      | Reached skill level 1 in Armour
  3234 | D:4      | Found a staircase to the Ecumenical Temple.
  3391 | D:4      | Reached XP level 7. HP: 15/41 MP: 7/7
  3998 | D:5      | Entered Level 5 of the Dungeon
  4307 | D:5      | Reached skill level 7 in Dodging
  4413 | D:5      | Got a jewelled mace
  4715 | D:5      | Reached XP level 8. HP: 48/48 MP: 8/8
  5033 | Temple   | Entered the Ecumenical Temple
  5084 | Temple   | Became a worshipper of Warmaster Okawaru
  5523 | D:6      | Reached skill level 8 in Dodging
  5844 | D:6      | Noticed Blork the orc
  5862 | D:6      | Noticed Pikel
  5866 | D:6      | Killed Blork the orc
  5880 | D:6      | HP: 3/72 [slave[Pikel] (4)]
  5885 | D:6      | Slain by Pikel

Vault maps used:
D:1:      dpeg_arrival_boxes_within_box
D:2:      grunt_decor_mini_mirrors, grunt_decor_one_mirror,
          kennysheep_minor_cross
D:3:      vehumet_altar_wand_db, serial_forest, infiniplex_forest_clump_double,
          infiniplex_forest_lined_3, infiniplex_forest_lined_3,
          infiniplex_forest_straight_2, infiniplex_forest_lined_1,
          infiniplex_forest_corner_2, infiniplex_forest_end_1
D:4:      minmay_temple_entry_from_below_a, first_bread, serial_shops,
          nicolae_shop_waterfront
D:6:      uniq_blork_the_orc, uniq_pikel, uniq_menkaure
Temple:   grunt_circular_temple_18

Action                   |  1- 3 |  4- 6 |  7- 9 || total
-------------------------+-------+-------+-------++-------
Melee: Rapier            |    92 |   169 |   286 ||   547
Throw: Throwing net      |     1 |     3 |     6 ||    10
 Abil: Evoke Flight      |       |       |     1 ||     1
Evoke: Wand              |       |     7 |       ||     7
  Use: Potion            |       |     1 |     1 ||     2
 Stab: Sleeping          |     1 |     5 |     1 ||     7
       Distracted        |       |     1 |       ||     1
       Held in net/web   |       |     2 |     5 ||     7
  Eat: Chunk             |    10 |     5 |     9 ||    24
